 Dungeon Sprint DCSS version 0.29-a0-468-ge57f7f99b4 (webtiles) character file.

Game seed: 11520385687576372679

9153 mhtbhm the Bludgeoner (level 11, -4/171 HPs)
             Began as a Green Draconian Berserker on May 21, 2022.
             Was the Champion of Trog.
             Slain by a 12-headed hydra (8 damage)
             ... while paralysed by a floating eye
             ... in the Dungeon (Sprint I: "Red Sonja").
             The game lasted 00:04:33 (2925 turns).

mhtbhm the Bludgeoner (Green Draconian Berserker)   Turns: 2925, Time: 00:04:33

Health: -4/171     AC:  9    Str: 25    XL:     11   Next: 19%
Magic:  3/3        EV:  2    Int:  7    God:    Trog [******]
Gold:   271        SH:  0    Dex: 10    Spells: 10/10 levels left

rFire   + + .      SeeInvis .   a - +3 great mace of Judgement {antimagic, rElec rPois rF+ rC-}
rCold   x x .      Faith    .   (shield currently unavailable)
rNeg    . . .      Spirit   .   (body armour unavailable)
rPois   +          Reflect  .   (helmet restricted)
rElec   +          Harm     .   o - +1 cloak of Starlight {*Dazzle EV+4 Stlth--}
rCorr   .          Rampage  .   (no gloves)
Will    .....      NoTele   +   (no boots)
Stlth   ..........              (no amulet)
HPRegen 0.38/turn               p - ring of fire
MPRegen 0.08/turn               (no ring)

@: paralysed, berserking, short of breath
A: breathe noxious fumes, AC +7, unfitting armour, poison resistance,
cold-blooded
a: Breathe Noxious Fumes, Renounce Religion, Berserk, Trog's Hand, Brothers in
Arms


You were in the Dungeon.
You worshipped Trog.
Trog was exalted by your worship.
You visited 1 branch You collected 1436 gold pieces.
You spent 1165 gold pieces at shops.

Inventory:

Hand Weapons
 a - the +3 great mace of Judgement (weapon) {antimagic, rElec rPois rF+ rC-}
   (Trog gifted it to you in the Dungeon)

   It reduces the magical energy of the wielder, and disrupts the spells and
   magical abilities of those it strikes.
   Natural abilities and divine invocations are not affected.
   rF:        It protects you from fire.
   rC:        It makes you vulnerable to cold.
   rElec:     It insulates you from electricity.
   rPois:     It protects you from poison.
 q - a +1 vorpal dire flail
Missiles
 i - 2 curare-tipped darts (quivered)
 n - 6 poisoned darts
Armour
 o - the +1 cloak of Starlight (worn) {*Dazzle EV+4 Stlth--}
   (You bought it in a shop in the Dungeon)

   It may blind those who miss an attack against the wearer in melee combat.
   EV:        It affects your evasion (+4).
   Stlth:     It makes you much less stealthy.
Jewellery
 p - a ring of fire (left hand)
Wands
 h - a wand of mindburst (12)
 m - a wand of paralysis (11)
Scrolls
 g - a scroll of blinking
 j - 2 scrolls of identify {unknown}
Potions
 b - 3 potions of curing
 c - 2 potions of heal wounds
 d - a potion of haste
 e - 2 potions of magic
 f - a potion of berserk rage
 k - a potion of flight {unknown}
 l - a potion of degeneration {unknown}


   Skills:
 + Level 15.8 Fighting
 + Level 17.0 Maces & Flails
 + Level 1.8 Throwing
 + Level 12.7 Dodging
 + Level 9.9 Stealth
 + Level 1.9 Evocations


You had 10 spell levels left.
You didn't know any spells.
Your spell library was empty.

Dungeon Overview and Level Annotations

Branches:
Dungeon (1/1)

Altars:
Cheibriados
Dithmenos
Elyvilon
Fedhas
Gozag
Hepliaklqana
Kikubaaqudgha
Makhleb
Nemelex Xobeh
Okawaru
Qazlal
Ru
Sif Muna
Trog
Uskayaw
Vehumet
Wu Jian
Xom
Yredelemnul
Zin
The Shining One
Jiyva
Lugonu

Shops:
D ?(**[*[(?=!(!??[*


Innate Abilities, Weirdness & Mutations

You can breathe blasts of noxious fumes.
Your lurid green scales are hard. (AC +7)
You cannot fit into any form of body armour.
Your system is resistant to poisons. (rPois)
You are cold-blooded and may be slowed by cold attacks.


Message History

The 12-headed hydra bites you but does no damage.
You bludgeon the 12-headed hydra!!
The 12-headed hydra is severely wounded.
The floating eye gazes piercingly through you!
You suddenly lose the ability to move!
The 12-headed hydra bites you. x5
The 12-headed hydra bites you but does no damage.
The 12-headed hydra bites you! x2
The 12-headed hydra bites you but does no damage.
The 12-headed hydra bites you!
The 12-headed hydra bites you but does no damage.
The 12-headed hydra bites you. The 12-headed hydra barely misses you.
The 12-headed hydra bites you but does no damage. x2
The 12-headed hydra bites you!
The 12-headed hydra bites you but does no damage. x3
The 12-headed hydra barely misses you.
The 12-headed hydra completely misses you.
The 12-headed hydra bites you.
The 12-headed hydra bites you but does no damage. x2
The floating eye's view fixates on you. The 12-headed hydra bites you!
* * * LOW HITPOINT WARNING * * *
The 12-headed hydra bites you!
* * * LOW HITPOINT WARNING * * *
The 12-headed hydra bites you!
* * * LOW HITPOINT WARNING * * *
The 12-headed hydra bites you but does no damage.
The 12-headed hydra barely misses you.
The 12-headed hydra bites you but does no damage.
The 12-headed hydra bites you!
* * * LOW HITPOINT WARNING * * *
The 12-headed hydra bites you but does no damage.
The 12-headed hydra bites you.
* * * LOW HITPOINT WARNING * * *
The 12-headed hydra bites you.
* * * LOW HITPOINT WARNING * * *
The 12-headed hydra bites you but does no damage.
The 12-headed hydra bites you!
You die...

#####################
).#[(#§.§)†..§§.@DG$#
..##'#.####.§§§§##$.+
).'..#§# ##§§§## ##
###).§§# ###+#
.##'#### .#.....#
.#○°..°+ '###.○.#
.'.#.○.#


You could see a 12-headed hydra and a floating eye (charged).

Vanquished Creatures
  2 centaur warriors (D)
  Sonja (D)
  A deep troll (D)
  A lindwurm (D)
  An oklob plant (D)
  2 kobold demonologists (D)
  2 demonic crawlers (D)
  2 unseen horrors (D)
  A hornet (D)
  A slime creature (D)
  Sigmund (D)
  A yak (D)
  13 hogs (D)
  2 redbacks (D)
  2 floating eyes (D)
  An ogre (D)
  7 necrophages (D)
  8 jellies (D)
  Ijyb (D)
50 creatures vanquished.

Vanquished Creatures (collateral kills)
  A gargoyle (D)
  2 demonic crawlers (D)
3 creatures vanquished.

Vanquished Creatures (others)
  2 ballistomycete spores (D)
2 creatures vanquished.

Grand Total: 55 creatures vanquished

Notes
Turn   | Place    | Note
-------+----------+-------------------------------------------
     0 | D        | mhtbhm the Draconian Berserker began the quest for the Orb.
     0 | D        | Reached XP level 1. HP: 19/19 MP: 1/1
     1 | D        | Noticed Ijyb
    10 | D        | Killed Ijyb
    11 | D        | Reached skill level 4 in Maces & Flails
    11 | D        | Reached XP level 2. HP: 3/28 MP: 2/2
   288 | D        | Noticed an ogre
   295 | D        | HP: 1/42 [ogre/+0 giant club (22)]
   296 | D        | Killed an ogre
   297 | D        | Reached skill level 6 in Maces & Flails
   297 | D        | Reached skill level 5 in Dodging
   297 | D        | Reached XP level 3. HP: 2/38 MP: 3/3
   297 | D        | Reached XP level 4. HP: 2/45 MP: 4/4
   585 | D        | Noticed Sigmund
   594 | D        | Killed Sigmund
   594 | D        | Reached ** piety under Trog
   595 | D        | Reached skill level 8 in Maces & Flails
   595 | D        | Reached skill level 1 in Stealth
   595 | D        | Reached XP level 5. HP: 53/53 MP: 5/5
   595 | D        | Reached XP level 6. HP: 61/61 MP: 6/6
   699 | D        | Found a burning altar of Makhleb.
   699 | D        | Found a viscous altar of Jiyva.
   699 | D        | Found a shimmering altar of Xom.
   699 | D        | Found a corrupted altar of Lugonu.
   699 | D        | Noticed a slime creature
   708 | D        | Killed a slime creature
   709 | D        | Reached skill level 9 in Maces & Flails
   779 | D        | Found an ornate altar of the Wu Jian Council.
   779 | D        | Found a shimmering blue altar of Sif Muna.
   781 | D        | Found a radiant altar of Vehumet.
   817 | D        | Found Gocseol's Weapon Emporium.
   817 | D        | Found an ancient bone altar of Kikubaaqudgha.
   817 | D        | Found a hazy altar of Hepliaklqana.
   817 | D        | Found a stormy altar of Qazlal.
   817 | D        | Found a hide-covered altar of Uskayaw.
   817 | D        | Found a blossoming altar of Fedhas.
   817 | D        | Found a bloodstained altar of Trog.
   817 | D        | Found an iron altar of Okawaru.
   817 | D        | Found a basalt altar of Yredelemnul.
   817 | D        | Found a glowing golden altar of the Shining One.
   817 | D        | Found a snail-covered altar of Cheibriados.
   817 | D        | Found a sacrificial altar of Ru.
   817 | D        | Found a glowing silver altar of Zin.
   817 | D        | Found a shadowy altar of Dithmenos.
   817 | D        | Found a white marble altar of Elyvilon.
   817 | D        | Noticed a yak
   829 | D        | Killed a yak
   830 | D        | Reached skill level 10 in Fighting
   830 | D        | Reached skill level 10 in Maces & Flails
   830 | D        | Your scales start taking on a lurid green colour.
   830 | D        | Reached XP level 7. HP: 14/72 MP: 7/7
   830 | D        | Gained mutation: Your system is resistant to poisons.
                  | (rPois) [Green Draconian growth]
   830 | D        | Found an opulent altar of Gozag.
   831 | D        | Found a sparkling altar of Nemelex Xobeh.
  1097 | D        | Noticed Sonja
  1107 | D        | Killed Sonja
  1107 | D        | Reached *** piety under Trog
  1108 | D        | Reached skill level 12 in Maces & Flails
  1108 | D        | Reached XP level 8. HP: 78/82 MP: 8/8
  1205 | D        | Found Cabihy's Magic Scroll Boutique.
  1319 | D        | Noticed a deep troll
  1333 | D        | Killed a deep troll
  1347 | D        | Found Leubug's Armour Emporium.
  1448 | D        | Noticed a kobold demonologist
  1448 | D        | Noticed a kobold demonologist
  1459 | D        | Killed a kobold demonologist
  1459 | D        | Reached **** piety under Trog
  1460 | D        | Reached skill level 13 in Maces & Flails
  1460 | D        | Reached skill level 1 in Evocations
  1460 | D        | Reached XP level 9. HP: 87/90 MP: 9/9
  1467 | D        | Killed a kobold demonologist
  1468 | D        | Reached skill level 10 in Dodging
  1468 | D        | Reached skill level 5 in Stealth
  1493 | D        | Noticed a centaur warrior
  1494 | D        | Noticed a centaur warrior
  1510 | D        | Killed a centaur warrior
  1511 | D        | Reached skill level 14 in Maces & Flails
  1515 | D        | Killed a centaur warrior
  1832 | D        | Reached skill level 1 in Throwing
  1893 | D        | Noticed an oklob plant
  1902 | D        | Killed an oklob plant
  1903 | D        | Reached skill level 15 in Maces & Flails
  1903 | D        | Reached XP level 10. HP: 102/102 MP: 10/10
  1970 | D        | Reached ***** piety under Trog
  2049 | D        | Received a gift from Trog
  2388 | D        | Found Ymer's Magic Scroll Boutique.
  2389 | D        | Found Lutap's Magic Scroll Emporium.
  2406 | D        | Reached ****** piety under Trog
  2410 | D        | Received a gift from Trog
  2413 | D        | Found Jixzuch's Assorted Antiques.
  2431 | D        | Found Eskoss's Assorted Antiques.
  2431 | D        | Found Dofigi's Assorted Antiques.
  2431 | D        | Found Xedetoem's Armour Boutique.
  2433 | D        | Found Jeqes's Assorted Antiques.
  2433 | D        | Found Wituvim's Armour Shop.
  2433 | D        | Found Aschoulio's Weapon Shoppe.
  2433 | D        | Found Qaonwosegy's Magic Scroll Boutique.
  2433 | D        | Found Nuonnegosh's Jewellery Emporium.
  2433 | D        | Found Xolif's Distillery.
  2433 | D        | Found Guysten's Antique Weapon Shoppe.
  2435 | D        | Bought the +1 cloak of Starlight {*Dazzle EV+4 Stlth--} for
                  | 915 gold pieces
  2435 | D        | Found the +1 cloak of Starlight {*Dazzle EV+4 Stlth--}
  2442 | D        | Found Fiatoosch's Distillery.
  2449 | D        | Bought a ring of fire for 250 gold pieces
  2517 | D        | Reached skill level 16 in Maces & Flails
  2522 | D        | Noticed a gargoyle
  2530 | D        | Killed a gargoyle
  2531 | D        | Identified the +3 great mace of Judgement {antimagic, rElec
                  | rPois rF+ rC-} (Trog gifted it to you in the Dungeon)
  2531 | D        | Received a gift from Trog
  2532 | D        | Reached skill level 15 in Fighting
  2744 | D        | Noticed a lindwurm
  2746 | D        | Killed a lindwurm
  2761 | D        | Reached XP level 11. HP: 109/112 MP: 3/11
  2776 | D        | Received a gift from Trog
  2792 | D        | Reached skill level 17 in Maces & Flails
  2918 | D        | Noticed a 12-headed hydra
  2922 | D        | Paralysed by a floating eye for 3 turns
  2925 | D        | HP: 8/171 [12-headed hydra (14)]
  2925 | D        | Slain by a 12-headed hydra

Illustrated notes

Levels and vault maps discovered:
D:        dungeon_sprint_1 [red_sonja_temple_1, red_sonja_temple_small_1]

Skill      XL: |  1  2  3  4  5  6  7  8  9 10 11 |
---------------+----------------------------------+-----
Fighting       | 4 6 8 10 11 12 13 15 | 15.8
Maces & Flails | 4 6 8 10 12 13 15 16 17 | 17.0
Dodging        | 3 5 6 8 9 11 12 | 12.7
Stealth        | 1 2 3 4 7 9 |  9.9
Evocations     | 1 |  1.9
Throwing       | 1 |  1.8

Action                   |  1- 3 |  4- 6 |  7- 9 | 10-12 || total
-------------------------+-------+-------+-------+-------++-------
Melee: Mace              |    14 |    26 |    50 |    16 ||   106
       Tailslap          |     4 |     3 |     5 |    13 ||    25
       Punch             |       |       |     1 |       ||     1
       Dire flail        |       |       |       |    44 ||    44
       Great mace        |       |       |       |    43 ||    43
Throw: Dart              |       |       |     2 |       ||     2
Invok: Berserk           |     2 |     2 |     5 |     3 ||    12
       Brothers in Arms  |       |       |       |     2 ||     2
 Abil: Breathe Noxious F |       |       |     6 |     1 ||     7
Evoke: Wand              |       |     2 |       |       ||     2
 Stab: Confused          |       |       |     6 |       ||     6
       Sleeping          |       |       |     1 |     2 ||     3
Armor: Skin              |     2 |     4 |    14 |    35 ||    55
Dodge: Dodged            |     3 |     6 |    30 |    93 ||   132

Table legend: (Time is in decaauts)
 A = Elapsed time spent in this place.
 B = Non-inter-level travel time spent in this place.
 C = Inter-level travel time spent in this place.
 D = Time resting spent in this place.
 E = Time spent auto-exploring this place.
 F = Levels seen in this place.
 G = Mean time per level.
                   A        B        C        D        E       F      G
               +--------+--------+--------+--------+--------+-----+--------+
         Total |   2998 |   2998 |      0 |   2217 |      1 |   1 | 2998.0 |
       Dungeon |   2998 |   2998 |      0 |   2217 |      1 |   1 | 2998.0 |
               +--------+--------+--------+--------+--------+-----+--------+

Top non-repeatable levels by time:
       D: 2998 daAuts
